 Dungeon Crawl Stone Soup version 0.29.0-7-g18a832c13a (webtiles) character file.

Game seed: 207245605503347449

319 greasedhog the Trooper (level 6, 0/40 HPs)
             Began as a Gargoyle Fighter on Sept 1, 2022.
             Slain by Prince Ribbit (12 damage)
             ... on level 6 of the Dungeon.
             The game lasted 00:04:40 (4329 turns).

greasedhog the Trooper (Gargoyle Fighter)           Turns: 4329, Time: 00:04:40

Health: 0/40       AC: 17    Str: 24    XL:     6   Next: 46%
Magic:  6/6        EV:  3    Int:  9    God:
Gold:   206        SH: 14    Dex: 17    Spells: 5/5 levels left

rFire   . . .      SeeInvis .   a - +1 flail (flame)
rCold   . . .      Faith    .   b - +0 tower shield of the Other World {Fly Will+ Str+5 Stlth-}
rNeg    + . .      Spirit   .   h - +0 plate armour
rPois   ∞          Reflect  .   (no helmet)
rElec   +          Harm     .   (no cloak)
rCorr   .          Rampage  .   (no gloves)
Will    +....                   p - +0 pair of boots
Stlth   ..........              (no amulet)
HPRegen 0.13/turn               i - +6 ring of dexterity
MPRegen 0.10/turn               (no ring)

@: flying, invisible
A: sickness immunity, AC +4, negative energy resistance 1, electricity
resistance, torment resistance 1, petrification resistance
a: no special abilities


You were on level 6 of the Dungeon.
You visited 1 branch of the dungeon, and saw 6 of its levels.
You also visited: Sewer.

You collected 206 gold pieces.

Inventory:

Hand Weapons
 a - a +1 flail of flaming (weapon)
Armour
 b - the +0 tower shield of the Other World (worn) {Fly Will+ Str+5 Stlth-}
   (You acquired it on level 2 of the Dungeon)

   Str:       It affects your strength (+5).
   Fly:       It grants you flight.
   Will:      It increases your willpower.
   Stlth:     It makes you less stealthy.
 h - a +0 plate armour (worn)
 p - a +0 pair of boots (worn)
Jewellery
 i - a +6 ring of dexterity (left hand)
Scrolls
 f - a scroll of teleportation
 k - a scroll of magic mapping
 m - 2 scrolls of enchant weapon
 o - a scroll of noise
 s - 2 scrolls of vulnerability
 t - a scroll of blinking {unknown}
 u - a scroll of fear {unknown}
 v - a scroll of fog
Potions
 c - a potion of brilliance {unknown}
 d - a potion of mutation {unknown}
 e - 2 potions of invisibility
 g - 2 potions of magic {unknown}
 j - a potion of lignification {unknown}
 q - a potion of attraction {unknown}
 r - a potion of heal wounds {unknown}
 w - a potion of haste {unknown}


   Skills:
 - Level 5.2 Fighting
 * Level 4.8 Maces & Flails
 - Level 3.2 Armour
 * Level 4.2 Shields


You had 5 spell levels left.
You didn't know any spells.
Your spell library contained the following spells:

 Spells                   Type           Power      Damage    Failure   Level
 Magic Dart               Conj           0%         1d3       100%        1
 Summon Small Mammal      Summ           0%         N/A       100%        1
 Call Imp                 Summ           0%         N/A       100%        2
 Call Canine Familiar     Summ           0%         N/A       100%        3
 Mephitic Cloud           Conj/Pois/Air  0%         N/A       100%        3
 Summon Guardian Golem    Hex/Summ       0%         N/A       100%        3


Dungeon Overview and Level Annotations

Branches:
Dungeon (7/15)             Temple (0/1) D:7           Sewer (visited)

Altars:

Annotations:
D:6 Prince Ribbit, Sigmund


Innate Abilities, Weirdness & Mutations

You are immune to sickness and miasma.
Your stone body is resilient. (AC +4)
You are immune to poison.
You resist negative energy. (rN+)
You are resistant to electric shocks. (rElec)
You are resistant to unholy torment.
You are immune to petrification.


Message History

The boomerang hits you but does no damage.
There is a stone staircase leading up here.
You block the orc's attack.
You fly upwards.
Found 10 gold pieces, a ring mail and a thick jewelled staff.
There is a stone staircase leading down here.
You closely miss the orc. The orc hits you but does no damage.
You closely miss the orc. The orc hits you with a +0 hand axe.
You block the orc's attack.
You hit the orc but do no damage. You block the orc's attack.
You sock the orc! You burn the orc.
You kill the orc!
Things that are here:
a +0 hand axe; a +0 leather armour
There is a stone staircase leading down here.
You now have 206 gold pieces (gained 10).
You start resting.
HP restored.
Sigmund the Dreaded comes into view.
He is wielding a +0 scythe.
Found a mace.
Sigmund shouts!
Prince Ribbit comes into view.
You start waiting.
Sigmund is nearby!
It was a potion of invisibility.
You fade into invisibility!
You block Sigmund's attack.
You hit Sigmund but do no damage.
Sigmund flickers, as though insubstantial.
Sigmund hits you but does no damage.
You barely miss Sigmund.
Prince Ribbit croaks.
Prince Ribbit hits you!
Sigmund casts a spell at Prince Ribbit.
The magic dart hits Prince Ribbit.
Prince Ribbit hits you.
You closely miss Prince Ribbit.
Prince Ribbit is lightly wounded.
Prince Ribbit hits you!
* * * LOW HITPOINT WARNING * * *
Prince Ribbit hits you!
You die...

#.# #.# #
#|### #. #...
#..##.[####)#
#.@.........#
# #..#
#.###..#
#..@F@.#####
#####.>....#
#..###.# #..#
#... #..#
##### #...
#.### #.# #.


You could see Prince Ribbit (unable to see you) and Sigmund (unable to see you).

Vanquished Creatures
  A kobold brigand (Sewer)
  A necrophage (D:4)
  7 adders
  5 river rats (Sewer)
  2 worms (D:3)
  A dart slug (D:1)
  An orc (D:6)
  5 endoplasms
  A giant cockroach (D:1)
  4 goblins
  4 hobgoblins
  7 jackals
  8 kobolds (Sewer)
  2 quokkas
  9 ball pythons
  8 bats
  8 frilled lizards
  4 rats
78 creatures vanquished.

Vanquished Creatures (others)
  12 plants (Sewer)
12 creatures vanquished.

Grand Total: 90 creatures vanquished

Notes
Turn   | Place    | Note
-------+----------+-------------------------------------------
     0 | D:1      | greasedhog the Gargoyle Fighter began the quest for the
                  | Orb.
     0 | D:1      | Reached XP level 1. HP: 14/14 MP: 1/1
   118 | D:1      | Reached XP level 2. HP: 19/19 MP: 2/2
  1274 | D:2      | Reached XP level 3. HP: 23/24 MP: 3/3
  1435 | D:2      | Reached skill level 4 in Fighting
  1629 | D:2      | Identified a scroll of acquirement
  1629 | D:2      | Acquired the +0 tower shield of the Other World {Fly Will+
                  | Str+5 Stlth-}
  1719 | D:2      | Found a faded altar of an unknown god.
  2416 | D:3      | Reached XP level 4. HP: 26/30 MP: 4/4
  2796 | D:3      | Found a glowing drain.
  2804 | Sewer    | Entered a sewer
  3196 | Sewer    | Noticed a kobold brigand
  3200 | Sewer    | Reached XP level 5. HP: 34/34 MP: 5/5
  3216 | Sewer    | Killed a kobold brigand
  3217 | Sewer    | Reached skill level 5 in Fighting
  3392 | Sewer    | Reached XP level 6. HP: 34/40 MP: 6/6
  4287 | D:4      | You are sucked into a shaft and drop 3 floors!
  4319 | D:6      | Noticed Sigmund
  4319 | D:6      | Noticed Prince Ribbit
  4329 | D:6      | Slain by Prince Ribbit

Illustrated notes

Levels and vault maps discovered:
D:1:      elethiomel_arrival_quiet, layout_basic, ebering_dispersal_statue_hall
D:2:      kennysheep_six_static_rooms, layout_basic,
          nicolae_ecumenical_snake_handling, kennysheep_cross_room
D:3:      layout_basic, cheibrodos_sewer_entry_bend
D:4:      layout_loops_corners
D:6:      layout_loops_ring, nemelex_diamond_rough_becter, uniq_sigmund,
          uniq_prince_ribbit1, uniq_eustachio
D:7:      layout_basic, minmay_temple_entry_overgrown,
          gammafunk_ghost_wrathful_warriors, uniq_pikel, uniq_duvessa

Skill      XL: |  1  2  3  4  5  6 |
---------------+-------------------+-----
Fighting       | 4 5 |  5.2
Maces & Flails | 3 4 |  4.8
Shields        | 4 |  4.2
Armour         | |  3.2

Action                   |  1- 3 |  4- 6 || total
-------------------------+-------+-------++-------
Melee: Flail             |   129 |   142 ||   271
  Use: Scroll            |     4 |     7 ||    11
       Potion            |       |     2 ||     2
Armor: Scale mail        |    13 |       ||    13
       Plate armour      |    90 |   133 ||   223
Dodge: Dodged            |    33 |    10 ||    43
Block: Buckler           |    23 |       ||    23
       Tower shield      |    37 |   141 ||   178
